 Dungeon Crawl Stone Soup version 0.31-a0-150-g89dc3ad700 (webtiles) character file.

Game seed: 3848671466678276789

7730 qw the Skirmisher (level 11, -8/97 HPs)
             Began as a Minotaur Hunter on June 8, 2023.
             Was a High Priest of Okawaru.
             Mangled by a yak (10 damage)
             ... on level 9 of the Dungeon.
             The game lasted 00:02:57 (7039 turns).

qw the Skirmisher (Minotaur Hunter)                 Turns: 7039, Time: 00:02:57

Health: -8/97      AC: 10    Str: 16    XL:     11   Next: 0%
Magic:  15/15      EV: 17    Int:  6    God:    Okawaru [*****.]
Gold:   33         SH:  0    Dex: 18    Spells: 10/10 levels left

rFire   . . .        Y - +4 longbow (flame)
rCold   + . .        (shield currently unavailable)
rNeg    . . .        b - +0 ring mail
rPois   .            (helmet restricted)
rElec   .            i - scarf {repulsion}
rCorr   .            q - +2 pair of gloves
SInv    .            (no boots)
Will    .....        l - amulet of faith
Stlth   +++          o - ring of protection from cold
HPRegen 0.36/turn    (no ring)
MPRegen 0.14/turn

%: repel missiles, faith
@: about to teleport, heroic, marked
A: horns 2, retaliatory headbutt
a: Renounce Religion, Heroism, Finesse, Duel


You were on level 9 of the Dungeon.
You worshipped Okawaru.
Okawaru was extremely pleased with you.
You visited 2 branches of the dungeon, and saw 10 of its levels.

You collected 578 gold pieces.
You spent 545 gold pieces at shops.


Innate Abilities, Weirdness & Mutations

You have a pair of horns on your head.
You reflexively headbutt those who attack you in melee.


   Skills:
 - Level 9.4(14.4) Fighting
 + Level 13.2(18.2) Ranged Weapons
 - Level 3.1(8.1) Armour
 - Level 6.3(11.3) Dodging
 - Level 0.7(5.7) Stealth
 + Level 7.8 Invocations


You had 10 spell levels left.
You didn't know any spells.
Your spell library was empty.

Inventory:

Hand Weapons
 Y - a +4 longbow of flaming (weapon)
Armour
 b - a +0 ring mail (worn)
 i - a scarf of repulsion (worn)
 m - a +0 cloak
 q - a +2 pair of gloves (worn)
Jewellery
 e - a ring of fire
 l - an amulet of faith (around neck)
 o - a ring of protection from cold (left hand)
 r - an amulet of reflection
Wands
 a - a wand of digging (8)
Scrolls
 c - 3 scrolls of identify
 j - 3 scrolls of enchant armour
 n - a scroll of teleportation
Potions
 d - 2 potions of might
 g - a potion of resistance
 h - 6 potions of curing
 k - 2 potions of haste

Dungeon Overview and Level Annotations

Branches:
Dungeon (9/15)             Temple (1/1) D:5
   Lair: D:8-11         Orc: D:9-12

Altars:
Cheibriados
Dithmenos
Elyvilon
Fedhas
Hepliaklqana
Kikubaaqudgha
Makhleb
Nemelex Xobeh
Okawaru
Qazlal
Sif Muna
Trog
Uskayaw
Vehumet
Wu Jian
Xom
Yredelemnul
Zin
The Shining One

Shops:
D:1 =   D:3 ?   D:4 [   D:8 *   D:9 ==*!

Annotations:
D:3 2 runed translucent doors
D:6 2 transporters, 1 runed translucent door, Crazy Yiuf; qw's ghost, novice MiHu
D:7 2 transporters, qw's ghost, novice MiHu


Message History

You headbutt the yak! You shoot an arrow. The arrow hits the yak!
The arrow burns the yak.
The yak is heavily wounded.
The yak gores you! The yak gores you but does no damage. The yak gores you!
You shoot an arrow. The arrow hits the yak!
The arrow burns the yak.
The yak is almost dead.
The yak completely misses you. The yak closely misses you.
You furiously retaliate!
You headbutt the yak, but do no damage. The yak completely misses you.
You shoot an arrow. The arrow hits the yak!
The arrow burns the yak.
You kill the yak!
Okawaru accepts your kill. The killer bee closely misses you.
The yak completely misses you. The yak closely misses you.
You shoot an arrow. The arrow hits the yak.
The arrow burns the yak.
The yak is heavily wounded.
The killer bee stings you but does no damage.
You shoot an arrow. The arrow hits the yak!!
The arrow burns the yak.
You kill the yak!
Okawaru accepts your kill. The killer bee closely misses you.
You furiously retaliate!
You headbutt the killer bee! The yak barely misses you.
The killer bee stings you.
You have reached level 11!
7037 ||| READING 2 scrolls of teleportation.
As you read the scroll of teleportation, it crumbles to dust.
You feel strangely unstable. The killer bee completely misses you.
The yak misses you. The killer bee stings you.
You shoot an arrow. The arrow misses the killer bee.
The killer bee barely misses you. The yak gores you!
The killer bee stings you but does no damage.
You shoot an arrow. The arrow hits the killer bee.
The arrow burns the killer bee.
The killer bee is almost dead.
The killer bee misses you. You furiously retaliate!
You headbutt the killer bee!
You kill the killer bee!
Okawaru accepts your kill. The yak gores you!
You die...

......................
#....................\.
#.......)..............
#.......)).....).......
##......))..............
..#.....................
........................
........##...........#..
....).%@##.#########.#..
......Y)##.#


WYoTD #.#.. ........##.# #### #.. ........# .# #.. ......... .... ......... ....
.....#### #### ..... # You could see a yak.

Vanquished Creatures
  Erolcha (D:9)
  Harold (D:9)
  Joseph (D:8)
  A komodo dragon (D:8)
  Grinder (D:6)
  Sigmund (D:6)
  16 yaks (D:9)
  A wyvern (D:9)
  A water moccasin (D:7)
  A black bear (D:6)
  3 orc warriors (D:9)
  A sky beast (D:7)
  A centaur (D:7)
  An ogre (D:6)
  2 kobold brigands
  Blork the orc (D:5)
  A gnoll sergeant (D:9)
  A bullfrog (D:7)
  A scorpion (D:5)
  12 wights
  6 killer bees (D:9)
  2 howler monkeys
  An electric eel (D:7)
  A crimson imp (D:8)
  2 hounds
  A jelly (D:5)
  2 gnoll boudas
  6 orc priests
  2 iguanas (D:5)
  3 sleepcaps
  7 orc wizards
  16 adders
  14 gnolls
  2 shadow imps
  A white imp (D:6)
  An ufetubus (D:7)
  A dart slug (D:1)
  35 orcs
  10 endoplasms
  2 giant cockroaches
  11 goblins
  2 hobgoblins
  3 jackals (D:3)
  16 kobolds
  2 quokkas (D:1)
  3 ball pythons (D:1)
  5 bats (D:1)
  6 frilled lizards
  5 rats
217 creatures vanquished.

Notes
Turn   | Place    | Note
-------+----------+-------------------------------------------
     0 | D:1      | qw the Minotaur Hunter began the quest for the Orb.
     0 | D:1      | Reached XP level 1. HP: 18/18 MP: 0/0
     0 | D:1      | 0 ||| qw: Version: 0.2-a-119-g7aa9181
     0 | D:1      | 0 ||| qw: Game counter: 2841
     0 | D:1      | 0 ||| qw: Always use a shield: true
     0 | D:1      | 0 ||| qw: God list: Okawaru
     0 | D:1      | 0 ||| qw: Allow faded altars: false
     0 | D:1      | 0 ||| qw: Do Orc after D:15 true
     0 | D:1      | 0 ||| qw: Do second Lair branch before Depths: true
     0 | D:1      | 0 ||| qw: Lair rune preference: random
     0 | D:1      | 0 ||| qw: Plans: Normal
     0 | D:1      | 0 ||| PLANNING D:1-11
    59 | D:1      | Found Yczekak's Jewellery Shoppe.
    67 | D:1      | 67 ||| SHOPLISTING +4 ring of protection (360 gold, have
                  | 0).
    67 | D:1      | 67 ||| SHOPLISTING ring of fire (250 gold, have 0).
    67 | D:1      | 67 ||| SHOPLISTING ring of ice (250 gold, have 0).
    67 | D:1      | 67 ||| SHOPLISTING ring of positive energy (200 gold, have
                  | 0).
    67 | D:1      | 67 ||| SHOPLISTING ring of protection from fire (250 gold,
                  | have 0).
    67 | D:1      | 67 ||| SHOPLISTING ring of see invisible (150 gold, have
                  | 0).
   184 | D:1      | Reached XP level 2. HP: 25/25 MP: 1/1
   240 | D:1      | Reached skill level 5 in Ranged Weapons
   278 | D:1      | Reached skill level 3 in Fighting
   482 | D:1      | Reached XP level 3. HP: 31/31 MP: 2/2
   483 | D:1      | 483 ||| FLEEEEING.
   569 | D:1      | 569 ||| READING scroll labelled ESOSHICASE.
   570 | D:1      | 570 ||| READING scroll labelled MOUXZI XIRO.
   570 | D:1      | Identified a scroll of acquirement
   570 | D:1      | 570 ||| ACQUIRING +3 longbow of flaming
   570 | D:1      | Acquired a +3 longbow of flaming
   572 | D:1      | 572 ||| SWAPPING to +3 longbow of flaming.
   573 | D:1      | 573 ||| DROPPING +0 shortbow.
   574 | D:1      | 574 ||| DRINKING 2 glowing pink potions.
   575 | D:1      | 575 ||| DROPPING scroll of butterflies.
   757 | D:2      | Found a snail-covered altar of Cheibriados.
   859 | D:2      | Reached XP level 4. HP: 38/38 MP: 3/3
   942 | D:2      | Reached skill level 6 in Ranged Weapons
  1463 | D:2      | 1463 ||| UPGRADING to scarf of repulsion.
  1468 | D:2      | 1468 ||| READING 2 scrolls labelled DIFUUG ORPHA.
  1469 | D:2      | 1469 ||| READING scroll labelled BUGOUKL TEOSCH.
  1470 | D:2      | 1470 ||| DROPPING scroll of immolation.
  1583 | D:3      | Found an ornate altar of the Wu Jian Council.
  1703 | D:3      | Reached XP level 5. HP: 46/46 MP: 4/4
  1711 | D:3      | 1711 ||| FLEEEEING.
  1712 | D:3      | 1712 ||| FLEEEEING.
  1713 | D:3      | 1713 ||| FLEEEEING.
  1714 | D:3      | 1714 ||| FLEEEEING.
  1715 | D:3      | 1715 ||| FLEEEEING.
  1716 | D:3      | 1716 ||| FLEEEEING.
  1776 | D:3      | Found Zin's Purification Station.
  1782 | D:3      | Found a glowing silver altar of Zin.
  1788 | D:3      | 1788 ||| BUYING potion of curing (90 gold).
  1788 | D:3      | Bought a potion of curing for 90 gold pieces
  1803 | D:3      | Found Ehast's Magic Scroll Boutique.
  1811 | D:3      | 1811 ||| SHOPLISTING scroll of enchant armour (90 gold,
                  | have 21).
  1811 | D:3      | 1811 ||| SHOPLISTING scroll of identify (24 gold, have 21).
  1811 | D:3      | 1811 ||| SHOPLISTING scroll of teleportation (36 gold, have
                  | 21).
  1875 | D:3      | Reached skill level 7 in Ranged Weapons
  1875 | D:3      | 1875 ||| FLEEEEING.
  1876 | D:3      | 1876 ||| FLEEEEING.
  1877 | D:3      | 1877 ||| FLEEEEING.
  1878 | D:3      | 1878 ||| FLEEEEING.
  1879 | D:3      | 1879 ||| FLEEEEING.
  1880 | D:3      | 1880 ||| FLEEEEING.
  1881 | D:3      | 1881 ||| FLEEEEING.
  1882 | D:3      | 1882 ||| FLEEEEING.
  1883 | D:3      | 1883 ||| FLEEEEING.
  1884 | D:3      | 1884 ||| FLEEEEING.
  1885 | D:3      | 1885 ||| FLEEEEING.
  1886 | D:3      | 1886 ||| FLEEEEING.
  1887 | D:3      | 1887 ||| FLEEEEING.
  1888 | D:3      | 1888 ||| FLEEEEING.
  1889 | D:3      | 1889 ||| FLEEEEING.
  1890 | D:3      | 1890 ||| FLEEEEING.
  1891 | D:3      | 1891 ||| FLEEEEING.
  1892 | D:3      | 1892 ||| FLEEEEING.
  1893 | D:3      | 1893 ||| FLEEEEING.
  1894 | D:3      | 1894 ||| FLEEEEING.
  1895 | D:3      | 1895 ||| FLEEEEING.
  1896 | D:3      | 1896 ||| FLEEEEING.
  1897 | D:3      | 1897 ||| FLEEEEING.
  1898 | D:3      | 1898 ||| FLEEEEING.
  1899 | D:3      | 1899 ||| FLEEEEING.
  1900 | D:3      | 1900 ||| FLEEEEING.
  1901 | D:3      | 1901 ||| FLEEEEING.
  1903 | D:3      | 1903 ||| FLEEEEING.
  1904 | D:3      | 1904 ||| FLEEEEING.
  1905 | D:3      | 1905 ||| STAIRDANCE
  1951 | D:2      | 1951 ||| FLEEEEING.
  1954 | D:2      | 1954 ||| FLEEEEING.
  1955 | D:2      | 1955 ||| FLEEEEING.
  1989 | D:2      | 1989 ||| READING scroll labelled CUASIDAXTITOI.
  2132 | D:3      | Found a hide-covered altar of Uskayaw.
  2308 | D:3      | Found a large runed translucent door.
  2308 | D:3      | Found a large runed translucent door.
  2394 | D:3      | 2394 ||| UPGRADING to +0 ring mail.
  2404 | D:3      | 2404 ||| DROPPING +0 leather armour.
  2405 | D:3      | 2405 ||| READING scroll labelled KUUBUPRECS.
  2481 | D:4      | Found a shadowy altar of Dithmenos.
  2492 | D:4      | Found Bymaitt's Armour Emporium.
  2500 | D:4      | 2500 ||| SHOPLISTING +0 pair of gloves (49 gold, have 41).
  2516 | D:4      | Reached skill level 1 in Armour
  2646 | D:4      | Reached XP level 6. HP: 52/52 MP: 5/5
  3033 | D:4      | 3033 ||| READING scroll labelled VUMU MOJAISUM.
  3034 | D:4      | 3034 ||| READING scroll labelled YLIEBB NEPHIYRGH.
  3039 | D:4      | 3039 ||| DRINKING 2 fuming yellow potions.
  3040 | D:4      | 3040 ||| READING 2 scrolls of identify.
  3040 | D:4      | 3040 ||| IDENTIFYING bubbling ruby potion
  3041 | D:4      | 3041 ||| DROPPING potion of magic.
  3058 | D:5      | Entered Level 5 of the Dungeon
  3096 | D:5      | 3096 ||| FLEEEEING.
  3142 | D:5      | Reached skill level 8 in Ranged Weapons
  3249 | D:5      | Found a staircase to the Ecumenical Temple.
  3250 | D:5      | 3250 ||| PLANNING TEMPLE
  3257 | Temple   | Entered the Ecumenical Temple
  3312 | Temple   | 3312 ||| PLANNING OKAWARU WORSHIP
  3381 | Temple   | Became a worshipper of Warmaster Okawaru
  3381 | Temple   | 3381 ||| PLANNING D:1-11
  3575 | D:5      | Reached XP level 7. HP: 61/61 MP: 6/6
  3792 | D:5      | Noticed Blork the orc
  3797 | D:5      | Killed Blork the orc
  3954 | D:5      | 3954 ||| READING scroll labelled VYOCIOR QASE.
  4002 | D:6      | Reached skill level 9 in Ranged Weapons
  4086 | D:6      | Found a faded altar of an unknown god.
  4086 | D:6      | Noticed Sigmund
  4086 | D:6      | Noticed Grinder
  4088 | D:6      | 4088 ||| DRINKING 3 potions of curing.
  4088 | D:6      | 4088 ||| (to cure confusion)
  4089 | D:6      | Killed Sigmund
  4089 | D:6      | Reached * piety under Okawaru
  4090 | D:6      | 4090 ||| INVOKING Heroism.
  4095 | D:6      | Killed Grinder
  4096 | D:6      | Reached skill level 3 in Armour
  4096 | D:6      | Reached XP level 8. HP: 45/68 MP: 4/8
  4170 | D:6      | Found a hazy altar of Hepliaklqana.
  4264 | D:6      | 4264 ||| INVOKING Heroism.
  4290 | D:6      | 4290 ||| INVOKING Heroism.
  4297 | D:6      | Reached skill level 3 in Invocations
  4336 | D:6      | Reached skill level 6 in Fighting
  4371 | D:6      | Identified the amulet of Hisiq {Acrobat -Tele rElec
                  | Will+++}
  4385 | D:6      | Found a transporter.
  4415 | D:6      | Noticed qw's ghost (novice MiHu)
  4476 | D:6      | Found a transporter.
  4731 | D:6      | Found a runed translucent door.
  4732 | D:6      | Noticed Crazy Yiuf
  4735 | D:6      | 4735 ||| UPGRADING to amulet of faith.
  4740 | D:6      | 4740 ||| READING 4 scrolls of identify.
  4740 | D:6      | 4740 ||| IDENTIFYING emerald potion
  4741 | D:6      | 4741 ||| READING 3 scrolls of identify.
  4741 | D:6      | 4741 ||| IDENTIFYING glowing orange potion
  4742 | D:6      | 4742 ||| DROPPING potion of ambrosia.
  4773 | D:7      | Reached ** piety under Okawaru
  5006 | D:7      | Found a snail-covered altar of Cheibriados.
  5138 | D:7      | Reached skill level 10 in Ranged Weapons
  5157 | D:7      | Found a transporter.
  5157 | D:7      | Noticed qw's ghost (novice MiHu)
  5158 | D:7      | Found a transporter.
  5160 | D:7      | Identified the +2 great mace of Loschuim {flame, rElec
                  | Will+ Dex-3}
  5160 | D:7      | Noticed a two-headed ogre
  5252 | D:7      | 5252 ||| INVOKING Heroism.
  5255 | D:7      | 5255 ||| Stepping ~*~*~tactically~*~*~ (outnumbered).
  5299 | D:7      | 5299 ||| INVOKING Heroism.
  5363 | D:7      | 5363 ||| DROPPING +6 ring of intelligence.
  5364 | D:7      | 5364 ||| READING scroll labelled GUBUFF AGROEMM.
  5365 | D:7      | 5365 ||| READING 4 scrolls of identify.
  5365 | D:7      | 5365 ||| IDENTIFYING murky dark potion
  5366 | D:7      | 5366 ||| DROPPING potion of enlightenment.
  5440 | D:8      | Reached XP level 9. HP: 79/79 MP: 11/11
  5568 | D:8      | Noticed a komodo dragon
  5569 | D:8      | 5569 ||| INVOKING Heroism.
  5573 | D:8      | Killed a komodo dragon
  5573 | D:8      | Reached *** piety under Okawaru
  5629 | D:8      | Found a radiant altar of Vehumet.
  5630 | D:8      | Found a burning altar of Makhleb.
  5739 | D:8      | 5739 ||| INVOKING Heroism.
  5740 | D:8      | 5740 ||| Stepping ~*~*~tactically~*~*~ (outnumbered).
  5744 | D:8      | 5744 ||| Stepping ~*~*~tactically~*~*~ (outnumbered).
  5747 | D:8      | Reached skill level 11 in Ranged Weapons
  5803 | D:8      | 5803 ||| FLEEEEING.
  5804 | D:8      | 5804 ||| FLEEEEING.
  5805 | D:8      | 5805 ||| FLEEEEING.
  5806 | D:8      | 5806 ||| FLEEEEING.
  5807 | D:8      | 5807 ||| FLEEEEING.
  5808 | D:8      | 5808 ||| FLEEEEING.
  5809 | D:8      | 5809 ||| FLEEEEING.
  5810 | D:8      | 5810 ||| FLEEEEING.
  5811 | D:8      | 5811 ||| FLEEEEING.
  5812 | D:8      | 5812 ||| FLEEEEING.
  5813 | D:8      | 5813 ||| FLEEEEING.
  5814 | D:8      | 5814 ||| FLEEEEING.
  5815 | D:8      | 5815 ||| FLEEEEING.
  5816 | D:8      | 5816 ||| FLEEEEING.
  5817 | D:8      | 5817 ||| FLEEEEING.
  5818 | D:8      | 5818 ||| FLEEEEING.
  5819 | D:8      | 5819 ||| FLEEEEING.
  5872 | D:8      | 5872 ||| INVOKING Heroism.
  5925 | D:8      | Found Ididduy's Assorted Antiques.
  5933 | D:8      | 5933 ||| BUYING pair of embroidered gloves (195 gold).
  5933 | D:8      | Bought a pair of embroidered gloves for 195 gold pieces
  5933 | D:8      | 5933 ||| BUYING scroll of identify (52 gold).
  5933 | D:8      | Bought a scroll of identify for 52 gold pieces
  5933 | D:8      | 5933 ||| BUYING tiny jasper amulet (130 gold).
  5933 | D:8      | Bought a tiny jasper amulet for 130 gold pieces
  5982 | D:8      | Found the +18 Lear's hauberk
  5985 | D:8      | Noticed Joseph
  5988 | D:8      | 5988 ||| FLEEEEING.
  5989 | D:8      | 5989 ||| FLEEEEING.
  5990 | D:8      | 5990 ||| FLEEEEING.
  5991 | D:8      | 5991 ||| FLEEEEING.
  5992 | D:8      | 5992 ||| FLEEEEING.
  5993 | D:8      | 5993 ||| FLEEEEING.
  5996 | D:8      | 5996 ||| FLEEEEING.
  5997 | D:8      | 5997 ||| FLEEEEING.
  5998 | D:8      | 5998 ||| FLEEEEING.
  5999 | D:8      | 5999 ||| FLEEEEING.
  6000 | D:8      | 6000 ||| FLEEEEING.
  6001 | D:8      | 6001 ||| FLEEEEING.
  6002 | D:8      | 6002 ||| FLEEEEING.
  6003 | D:8      | 6003 ||| FLEEEEING.
  6004 | D:8      | 6004 ||| FLEEEEING.
  6005 | D:8      | 6005 ||| FLEEEEING.
  6006 | D:8      | 6006 ||| FLEEEEING.
  6007 | D:8      | 6007 ||| FLEEEEING.
  6008 | D:8      | 6008 ||| FLEEEEING.
  6009 | D:8      | 6009 ||| FLEEEEING.
  6010 | D:8      | 6010 ||| FLEEEEING.
  6011 | D:8      | 6011 ||| FLEEEEING.
  6012 | D:8      | 6012 ||| FLEEEEING.
  6013 | D:8      | 6013 ||| FLEEEEING.
  6020 | D:8      | 6020 ||| INVOKING Heroism.
  6030 | D:8      | Killed Joseph
  6031 | D:8      | Reached skill level 12 in Ranged Weapons
  6271 | D:8      | 6271 ||| UPGRADING to +2 pair of gloves.
  6276 | D:8      | 6276 ||| DROPPING amulet of magic regeneration.
  6277 | D:8      | 6277 ||| DROPPING ring of magical power.
  6278 | D:8      | 6278 ||| UPGRADING to ring of protection from cold.
  6279 | D:8      | 6279 ||| READING scroll labelled UHOTAA QEDUUMN.
  6280 | D:8      | 6280 ||| READING 4 scrolls of identify.
  6280 | D:8      | 6280 ||| IDENTIFYING sedimented coppery potion
  6315 | D:9      | Found Fiepra's Assorted Antiques.
  6326 | D:9      | Reached **** piety under Okawaru
  6333 | D:9      | 6333 ||| INVOKING Heroism.
  6365 | D:9      | 6365 ||| FLEEEEING.
  6366 | D:9      | 6366 ||| STAIRDANCE
  6422 | D:9      | 6422 ||| INVOKING Heroism.
  6424 | D:9      | Reached XP level 10. HP: 88/88 MP: 9/12
  6459 | D:9      | 6459 ||| SHOPLISTING potion of curing (93 gold, have 91).
  6459 | D:9      | 6459 ||| SHOPLISTING scroll of enchant armour (232 gold,
                  | have 91).
  6484 | D:9      | 6484 ||| INVOKING Heroism.
  6500 | D:9      | HP: 22/88 [orc warrior/+0 trident (2)]
  6501 | D:9      | 6501 ||| READING 3 scrolls of teleportation.
  6502 | D:9      | 6502 ||| DRINKING potion of heal wounds.
  6504 | D:9      | Found Akhihaih's Jewellery Emporium.
  6507 | D:9      | Reached skill level 13 in Ranged Weapons
  6643 | D:9      | 6643 ||| SHOPLISTING +6 ring of dexterity (576 gold, have
                  | 102).
  6643 | D:9      | 6643 ||| SHOPLISTING amulet of the Air {Inacc Air Fly rElec
                  | RMsl} (601 gold, have 102).
  6643 | D:9      | 6643 ||| SHOPLISTING ring of ice (400 gold, have 102).
  6643 | D:9      | 6643 ||| SHOPLISTING ring of resist corrosion (320 gold,
                  | have 102).
  6643 | D:9      | 6643 ||| SHOPLISTING ring of see invisible (240 gold, have
                  | 102).
  6676 | D:9      | Found Litzav Gieph's Distillery.
  6683 | D:9      | 6683 ||| BUYING potion of curing (39 gold).
  6683 | D:9      | Bought a potion of curing for 39 gold pieces
  6683 | D:9      | 6683 ||| BUYING potion of curing (39 gold).
  6683 | D:9      | Bought a potion of curing for 39 gold pieces
  6683 | D:9      | 6683 ||| SHOPLISTING potion of haste (130 gold, have 24).
  6683 | D:9      | 6683 ||| SHOPLISTING potion of mutation (104 gold, have
                  | 24).
  6790 | D:9      | Identified the +8 ice dragon scales of the Lost Path {Fly
                  | rPois rF- rC++ Str+3 Dex-3 Slay+2}
  6818 | D:9      | Found a glowing golden altar of the Shining One.
  6828 | D:9      | 6828 ||| INVOKING Heroism.
  6845 | D:9      | Found Tyicoqiw's Jewellery Shop.
  6856 | D:9      | 6856 ||| SHOPLISTING +5 ring of evasion (540 gold, have
                  | 33).
  6856 | D:9      | 6856 ||| SHOPLISTING ring "Jall" {Fire rElec rPois Will++
                  | Int-2} (795 gold, have 33).
  6856 | D:9      | 6856 ||| SHOPLISTING ring "Qiag" {Ice Dex+2 Stlth+} (585
                  | gold, have 33).
  6856 | D:9      | 6856 ||| SHOPLISTING ring of Pyeridyg {Will+ Str+3 Int+6
                  | SInv} (886 gold, have 33).
  6856 | D:9      | 6856 ||| SHOPLISTING ring of positive energy (300 gold,
                  | have 33).
  6856 | D:9      | 6856 ||| SHOPLISTING ring of resist corrosion (300 gold,
                  | have 33).
  6880 | D:9      | Noticed Erolcha
  6881 | D:9      | 6881 ||| INVOKING Heroism.
  6886 | D:9      | Reached skill level 6 in Invocations
  6894 | D:9      | Killed Erolcha
  6895 | D:9      | Reached skill level 9 in Fighting
  6947 | D:9      | Noticed a six-headed hydra
  7005 | D:9      | Noticed Harold
  7007 | D:9      | 7007 ||| INVOKING Heroism.
  7019 | D:9      | Killed Harold
  7020 | D:9      | Reached skill level 6 in Dodging
  7030 | D:9      | Reached ***** piety under Okawaru
  7036 | D:9      | HP: 18/91 [killer bee (6)]
  7037 | D:9      | Reached XP level 11. HP: 19/97 MP: 15/15
  7037 | D:9      | 7037 ||| READING 2 scrolls of teleportation.
  7038 | D:9      | HP: 2/97 [yak (12)]
  7039 | D:9      | Mangled by a yak

Levels and vault maps discovered:
D:1:      zaba_arrival_water, layout_basic, serial_shops, shop,
          corexii_leaking_fountain
D:2:      layout_basic, basic_altar
D:3:      layout_loops_ring, lemuel_coloured_pillars_altar, zin_purify,
          jmf_multi_god_temple2, nicolae_uskayaw_dance_hall, serial_shops, shop
D:4:      layout_basic, mainiacjoe_overflow_tiny_flanked, serial_shops,
          nicolae_shop_getting_attention, nicolae_half_adder
D:5:      layout_basic, temple_statues, uniq_blork_the_orc
D:6:      layout_rooms, beargit_hepliaklqana_dungeon_heroes,
          gammafunk_ghost_gnarly_gnolls, serial_corexii_hall,
          corexii_hall_statues_l, chequers_hall_statues_wall_a,
          minmay_misc_feat_tiny, uniq_grinder, uniq_crazy_yiuf_cottage
D:7:      statuecave_lemuel, layout_rooms, amcnicky_altar_gilded,
          gammafunk_ghost_smash
D:8:      layout_basic, grunt_temple_overflow_lords_of_destruction,
          serial_shops, shop, uniq_joseph
D:9:      layout_long_grid, mainiacjoe_overflow_cross_hatched,
          nicolae_gozag_cash_rules_everything_around_me, serial_shops, shop,
          shop, nicolae_lakefront_shop, nicolae_take_the_stairs,
          nicolae_shop_statue_plus, small_statue_intersection,
          grunt_ministairs_15, onia_ninara_dug_in_and_dangerous, uniq_harold,
          uniq_erolcha
Temple:   nicolae_temple_two_arcs

Skill      XL: |  1  2  3  4  5  6  7  8  9 10 |
---------------+-------------------------------+-----
Ranged Weapons | 5 6 7 8 9 10 12 13 | 13.2
Fighting       | 3 4 5 7 8 9 |  9.4
Armour         | 1 3 |  3.1
Dodging        | 4 5 6 |  6.3
Invocations    | 2 4 7 |  7.8
Stealth        | |  0.7

Action                     |  1- 3 |  4- 6 |  7- 9 | 10-12 || total
---------------------------+-------+-------+-------+-------++-------
   Fire: Shortbow          |    68 |       |       |       ||    68
         Longbow           |    30 |   135 |   176 |   130 ||   471
 Invoke: Heroism           |       |       |    11 |     4 ||    15
    Use: Scroll            |     2 |     7 |     7 |     2 ||    18
         Potion            |     1 |     1 |     1 |     1 ||     4
 Armour: Leather armour    |     5 |     5 |       |       ||    10
         Ring mail         |       |    12 |     6 |    18 ||    36
  Dodge: Dodged            |    23 |    36 |    35 |    64 ||   158
         Repelled          |       |     1 |     1 |       ||     2

Table legend:
 A = Non-vault XP
 B = Vault XP
 C = Vault XP percentage of total XP
 D = Non-vault monster count
 E = Vault monster count
 F = Vault count percentage of total count
                 A         B        C        D         E       F
            +---------+---------+-------+---------+---------+-------
      Total |    6832 |    4274 |  38.5 |     194 |      23 |  10.6
            +---------+---------+-------+---------+---------+-------
        D:1 |      48 |       0 |   0.0 |      30 |       0 |   0.0
        D:2 |      97 |       0 |   0.0 |      21 |       0 |   0.0
        D:3 |     163 |       0 |   0.0 |      23 |       0 |   0.0
        D:4 |     114 |      67 |  37.0 |      12 |       5 |  29.4
        D:5 |     400 |      99 |  19.8 |      16 |       1 |   5.9
        D:6 |     453 |     495 |  52.2 |      15 |       2 |  11.8
        D:7 |     631 |       0 |   0.0 |      11 |       0 |   0.0
        D:8 |    1373 |     505 |  26.9 |      24 |       2 |   7.7
        D:9 |    3553 |    3108 |  46.7 |      42 |      13 |  23.6
            +---------+---------+-------+---------+---------+-------
